 Dungeon Crawl Stone Soup version 0.30-a0-305-g026cb31310 (webtiles) character file.

Game seed: 1906547959499903354

98 heikuro the Shield-Bearer (level 5, -12/42 HPs)
             Began as a Formicid Fighter on Oct 22, 2022.
             Was an Initiate of Qazlal.
             Mangled by an ice beast (13 damage)
             ... on level 4 of the Dungeon.
             The game lasted 00:05:02 (2906 turns).

heikuro the Shield-Bearer (Formicid Fighter)        Turns: 2906, Time: 00:05:03

Health: -12/42     AC: 11    Str: 22    XL:     5   Next: 1%
Magic:  5/5        EV:  6    Int:  8    God:    Qazlal [......]
Gold:   194        SH:  5    Dex: 13    Spells: 4/4 levels left

rFire   . . .      SeeInvis +    a - +0 trident
rCold   . . .      Faith    .    c - +0 buckler
rNeg    . . .      Spirit   .    p - +0 plate armour
rPois   .          Reflect  .    (helmet unavailable)
rElec   .          Harm     .    (no cloak)
rCorr   .          Rampage  .    (no gloves)
Will    .....                    (no boots)
Stlth   ..........               (no amulet)
HPRegen 0.27/turn                (no ring)
MPRegen 0.09/turn                (no ring)

@: no status effects
A: permanent stasis, dig shafts and tunnels, antennae 3, four strong arms
a: Dig, Shaft Self, Renounce Religion


You were on level 4 of the Dungeon.
You worshipped Qazlal.
Qazlal was noncommittal.
You visited 1 branch of the dungeon, and saw 4 of its levels.

You collected 194 gold pieces.

Inventory:

Hand Weapons
 a - a +0 trident (weapon)
 q - a +1 short sword of venom
Missiles
 n - 2 curare-tipped darts
Armour
 c - a +0 buckler (worn)
 p - a +0 plate armour (worn)
Wands
 o - a wand of mindburst (16)
 r - a wand of polymorph (1)
Scrolls
 b - 2 scrolls of immolation {unknown}
 g - 2 scrolls of vulnerability {unknown}
 h - a scroll of poison {unknown}
 i - 3 scrolls of identify {unknown}
 k - 2 scrolls of teleportation {unknown}
 l - a scroll of silence {unknown}
Potions
 d - 2 potions of might
 e - 2 potions of haste {unknown}
 f - a potion of degeneration {unknown}
 j - a potion of curing {unknown}
 m - a potion of ambrosia {unknown}


   Skills:
 + Level 3.9 Fighting
 * Level 3.2 Polearms
 + Level 3.9 Armour
 + Level 4.7 Shields
 + Level 0.6 Invocations


You had 4 spell levels left.
You didn't know any spells.
Your spell library contained the following spells:

 Spells                   Type           Power      Damage    Failure   Level
 Beastly Appendage        Tmut           0%         N/A       100%        1
 Wereblood                Tmut           0%         N/A       100%        2
 Spider Form              Tmut/Pois      0%         N/A       100%        3


Dungeon Overview and Level Annotations

Branches:
Dungeon (4/15)
 Temple: D:4-7

Altars:
Qazlal
Trog
Xom

Shops:
D:1 :   D:2 [


Innate Abilities, Weirdness & Mutations

You cannot be hasted, slowed, berserked, paralysed or teleported.
You can dig through walls and to a lower floor.
You have a pair of large antennae on your head. (SInv)
Your four strong arms can wield two-handed weapons with a shield.


Message History

Qazlal accepts your kill.
You hit the ice beast.
The ice beast is lightly wounded.
The ice beast hits you but does no damage.
You hit the ice beast.
The ice beast is moderately wounded.
The ice beast hits you. The ice beast freezes you!
You puncture the ice beast!
The ice beast is heavily wounded.
The ice beast hits you but does no damage.
You hit the ice beast.
The ice beast is heavily wounded.
You block the ice beast's attack. The ice beast hits you.
The ice beast freezes you.
You are too injured to fight recklessly!
You are too injured to fight recklessly!
The ice beast attacks as you move away!
The ice beast hits you but does no damage.
You hit the ice beast but do no damage.
The ice beast is heavily wounded.
The ice beast hits you but does no damage.
You hit the ice beast but do no damage.
The ice beast is heavily wounded.
The ice beast hits you but does no damage.
You hit the ice beast.
The ice beast is heavily wounded.
The ice beast hits you but does no damage.
You barely miss the ice beast.
The ice beast is heavily wounded.
The ice beast hits you. The ice beast freezes you!
* * * LOW HITPOINT WARNING * * *
The ice beast attacks as you move away! The ice beast hits you.
* * * LOW HITPOINT WARNING * * *
The ice beast freezes you!
* * * LOW HITPOINT WARNING * * *
Are you sure you want to shaft yourself?
The ice beast hits you.
* * * LOW HITPOINT WARNING * * *
The ice beast freezes you!
You die...

##............ ##......
##....####### #.#####
##...##########.# .
#..............#
#.######...####..###..##
#................###...##
.........................
#.........Y......###.###.#
#.######..@####..##..# .#
#.................###.#
#.###...########......#
#.###...# #.######
#.##...)########.###
#.##....#...#......#
#....รท))#.#.#.##.#.#
####.##<..#........#####
######....#####.##........


You could see an ice beast.

Vanquished Creatures
  4 adders
  A worm (D:2)
  A dart slug (D:2)
  3 orcs (D:4)
  4 bats
  3 endoplasms (D:2)
  A giant cockroach (D:1)
  7 goblins
  2 hobgoblins (D:1)
  7 kobolds
  3 quokkas
  8 ball pythons
  2 frilled lizards (D:1)
  6 rats
52 creatures vanquished.

Notes
Turn   | Place    | Note
-------+----------+-------------------------------------------
     0 | D:1      | heikuro the Formicid Fighter began the quest for the Orb.
     0 | D:1      | Reached XP level 1. HP: 18/18 MP: 1/1
   258 | D:1      | Reached XP level 2. HP: 21/24 MP: 2/2
   559 | D:1      | Found Yluchodu's Book Emporium.
  1070 | D:1      | Reached XP level 3. HP: 14/29 MP: 3/3
  1249 | D:2      | Found a shimmering altar of Xom.
  1386 | D:2      | Reached XP level 4. HP: 12/37 MP: 4/4
  1542 | D:2      | Found Voleilew's Antique Armour Shoppe.
  2105 | D:3      | Found a faded altar of an unknown god.
  2113 | D:3      | Got Plato's Vademecum on Metamorphosis
  2184 | D:3      | Found a stormy altar of Qazlal.
  2230 | D:3      | Became a worshipper of Qazlal Stormbringer
  2697 | D:4      | Reached XP level 5. HP: 42/42 MP: 5/5
  2876 | D:4      | Found a bloodstained altar of Trog.
  2883 | D:4      | Noticed an ice beast
  2903 | D:4      | HP: 1/42 [ice beast (10)]
  2906 | D:4      | Mangled by an ice beast

Illustrated notes

Levels and vault maps discovered:
D:1:      evilmike_arrival_hilbert_curve, layout_loops_cross, serial_shops,
          shop, serial_co_window_serial, co_window_paths_b, co_window_corner_a,
          co_window_corner_a, co_window_paths_b, co_window_of_opportunity_a,
          co_window_paths_b, co_window_of_opportunity_a, co_window_2corner,
          co_window_corner_ca, co_window_cross_2, co_window_corner_ca,
          glass_columns_a, glass_columns_a, glass_columns_a
D:2:      layout_loops_ring, basic_altar, serial_shops, shop, st_stairs_10,
          nicolae_concentric_dashed_squares_mild
D:3:      layout_loops_ring, mainiacjoe_overflow_catwalk,
          shapermc_ecumenical_altar_rom_forum
D:4:      layout_loops_cross, mainiacjoe_overflow_small_starburst

Skill      XL: |  1  2  3  4 |
---------------+-------------+-----
Polearms       | 3 |  3.2
Fighting       | |  3.9
Armour         | |  3.9
Shields        | |  4.7
Invocations    | |  0.6

Action                   |  1- 3 |  4- 6 || total
-------------------------+-------+-------++-------
Melee: Trident           |    85 |    81 ||   166
 Abil: Shaft Self        |       |     1 ||     1
Armor: Scale mail        |    36 |    20 ||    56
       Plate armour      |       |    19 ||    19
Dodge: Dodged            |    32 |    13 ||    45
Block: Buckler           |    34 |    11 ||    45

Table legend: (Time is in decaauts)
 A = Elapsed time spent in this place.
 B = Non-inter-level travel time spent in this place.
 C = Inter-level travel time spent in this place.
 D = Time resting spent in this place.
 E = Time spent auto-exploring this place.
 F = Levels seen in this place.
 G = Mean time per level.
                   A        B        C        D        E       F      G
               +--------+--------+--------+--------+--------+-----+--------+
         Total |   2937 |   2815 |    122 |    170 |   2072 |   4 |  734.2 |
       Dungeon |   2937 |   2815 |    122 |    170 |   2072 |   4 |  734.2 |
               +--------+--------+--------+--------+--------+-----+--------+

Top non-repeatable levels by time:
     D:1: 1134 daAuts
     D:2: 847 daAuts
     D:3: 665 daAuts
     D:4: 289 daAuts
